Map: Solaris LE

Players

GuMiho

  • Race: Terran Terran
  • Spawn Location: 1:00

llllllllllll (herO) - Winner!

  • Race: Protoss Protoss
  • League: Grandmaster
  • Spawn Location: 7:00

VOD

Have the link to the VOD?

Description

Time

  • Played on: Oct. 9, 2023, 10:34 p.m.
  • Length: 7:10
Show
View Real Time Build Order
Export as new Build Order

GuMiho Terran 

Build Orders: Cyclone Opening 

Get SALT Encoding   

  12  0:00  SCV  
  13  0:12  SCV  
  14  0:17  Supply Depot  
  14  0:24  SCV  
  14  0:27  Refinery  
  15  0:38  SCV  
  16  0:44  Barracks  
  16  0:50  SCV  
  17  1:02  SCV  
  18  1:14  SCV  
  19  1:30  Orbital Command  
  19  1:31  Marine  
  20  1:34  Factory  
  20  1:36  Supply Depot  
  19  1:48  Marine  
  20  1:56  SCV  
  21  2:07  Barracks Reactor  
  21  2:08  SCV  
  22  2:18  Cyclone  
  22  2:20  SCV  
  25  2:29  Command Center  
  25  2:32  SCV  
  25  2:37  Supply Depot  
  26  2:44  SCV, Marine x2  
  29  2:53  Widow Mine  
  30  3:02  Marine x2  
  30  3:07  SCV  
  30  3:11  Refinery  
  29  3:14  Widow Mine  
  29  3:19  Marine  
  31  3:20  Marine  
  30  3:27  SCV, Starport  
  31  3:34  Command Center  
  31  3:36  Widow Mine  
  31  3:39  Marine  
  31  3:40  SCV  
  31  3:41  Marine  
  36  3:46  Supply Depot  
  36  3:52  SCV  
  37  4:01  Marine x2  
  39  4:03  Factory Tech Lab  
  39  4:07  SCV, Medivac  
  42  4:14  Barracks  
  42  4:20  Marine, SCV  
  42  4:21  Marine  
  45  4:30  Siege Tank  
  47  4:36  SCV  
  43  4:38  Marine  
  43  4:43  Viking  
  38  4:53  SCV  
  38  4:56  Marine  
  38  4:57  Marine  
  33  5:05  SCV  
  33  5:06  Marine  
  27  5:14  Marine  
  24  5:15  Marine  
  19  5:48  Siege Tank  
  22  5:51  SCV  
  23  6:07  Orbital Command  
  23  6:11  SCV  
  23  6:15  Marine  
  25  6:23  SCV  
  26  6:27  Siege Tank  
  29  6:35  Marine, SCV  
  29  6:37  Marine  
  32  6:40  Marine  
  31  6:47  SCV  
Show
View Real Time Build Order
Export as new Build Order

llllllllllll Protoss - Winner!

Build Orders:  

Get SALT Encoding   

  12  0:00  Probe  
  13  0:12  Probe  
  14  0:19  Pylon  
  14  0:24  Probe  
  15  0:37  Gateway  
  15  0:38  Probe (Chrono Boost)  
  16  0:44  Assimilator  
  17  0:50  Probe (Chrono Boost)  
  17  0:55  Probe (Chrono Boost)  
  18  0:57  Assimilator  
  18  1:04  Probe  
  18  1:10  Gateway  
  19  1:16  Probe  
  20  1:24  Cybernetics Core  
  20  1:30  Zealot  
  22  1:36  Pylon  
  22  1:39  Probe  
  23  1:54  Probe  
  23  2:00  Stalker x2 (Chrono Boost)  
  27  2:08  Warp Gate  
  27  2:15  Pylon  
  27  2:21  Adept x2  
  31  2:33  Probe  
  32  2:37  Robotics Facility  
  32  2:53  Stalker x2  
  34  3:11  Gateway  
  34  3:13  Pylon  
  34  3:24  Warp Prism (Chrono Boost)  
  32  3:35  Sentry x2  
  36  3:46  Probe  
  36  3:48  Pylon  
  37  4:07  Stalker x2  
  37  4:08  Stalker  
  39  4:36  Stalker x3  
  39  5:01  Stalker x3  
  39  5:06  Probe  
  38  5:18  Probe  
  37  5:22  Warp Prism (Chrono Boost)  
  31  5:37  Adept x3  
  37  5:51  Observer  
  37  5:56  Twilight Council  
  38  6:00  Adept x3  
  44  6:24  Sentry, Adept x2  
  50  6:33  Pylon  
  48  6:49  Stalker x2  
  48  6:50  Stalker  
Tags
 
Add a new tag
Caveats
  • Supply blocks, unpowered buildings, or Contaminate may cause inaccurate times.
  • Supply counts are checked every 10 seconds.